 Dungeon Crawl Stone Soup version 0.18-a0-1292-ge8ad84c (webtiles) character file.

95 filipzpl the Skirmisher (level 4, 0/30 HPs)
             Began as a Gargoyle Berserker on Feb 9, 2016.
             Was a Believer of Trog.
             Slain by an adder (3 damage)
             ... on level 2 of the Dungeon.
             The game lasted 00:04:32 (1589 turns).

filipzpl the Skirmisher (Gargoyle Berserker)        Turns: 1589, Time: 00:04:32

Health: 0/30       AC:  5    Str: 22    XL:     4   Next: 65%
Magic:  4/4        EV: 12    Int:  7    God:    Trog [**....]
Gold:   78         SH:  0    Dex:  9    Spells: 0 memorised, 3 levels left

rFire  . . .     SeeInvis .     a - +0 mace
rCold  . . .     Gourm    .     b - +0 animal skin
rNeg   + . .     Faith    .     (no shield)
rPois  ∞         Spirit   .     (no helmet)
rElec  +         Dismiss  .     (no cloak)
rCorr  .         Reflect  .     (no gloves)
SustAt .         Harm     .     (no boots)
MR     .....                    (no amulet)
Stlth  +.........               (no ring)
                                (no ring)

@: not resistant to hostile enchantments, very unstealthy
A: negative energy resistance 1, electricity resistance, unbreathing,
petrification resistance, rot immunity, AC +3
a: Berserk, Trog's Hand, Burn Spellbooks, Renounce Religion


You were on level 2 of the Dungeon.
You worshipped Trog.
Trog was pleased with you.
You were very hungry.

You visited 1 branch of the dungeon, and saw 2 of its levels.

You collected 78 gold pieces.

Inventory:

Hand Weapons
 a - a +0 mace (weapon)
Armour
 b - a +0 animal skin (worn)
 d - a cursed +0 ring mail
Wands
 h - a wand of lightning (7/15)
Scrolls
 i - a scroll of teleportation {unknown}
 k - a scroll of identify {unknown}
Potions
 e - a potion of degeneration {unknown}
 g - a potion of mutation {unknown}
 l - a potion of haste {unknown}
Comestibles
 c - 4 bread rations
 f - a meat ration
 j - 2 fruits


   Skills:
 * Level 4.7 Fighting
 * Level 4.2 Maces & Flails
 - Level 2.1 Armour
 - Level 1.5 Dodging


You had 3 spell levels left.
You didn't know any spells.

Dungeon Overview and Level Annotations

Branches:
Dungeon (2/15)

Altars:


Innate Abilities, Weirdness & Mutations

You are resistant to torment.
Your stone body is resilient (AC +3).
You are immune to poison.
You resist negative energy.
You are resistant to electric shocks.
You can survive without breathing.
You are immune to petrification.
You are immune to rotting.


Message History

The adder bites you but does no damage. The adder misses you.
You miss the adder.
The adder is lightly wounded.
The adder bites you but does no damage.
You closely miss the adder.
The adder is lightly wounded.
The adder completely misses you. The adder bites you.
* * * LOW HITPOINT WARNING * * *
You closely miss the adder.
The adder is lightly wounded.
The adder barely misses you.
You closely miss the adder.
The adder is lightly wounded.
The adder bites you.
* * * LOW HITPOINT WARNING * * *
The adder barely misses you.
You hit the adder.
The adder is lightly wounded.
The adder bites you.
You die...

###..# ##.## #.#.#
###..# #..# #.#.#
.....# ##.## #.#.#
####.....##..# #.#.#
# #####.###.####.#.#
#
#............#####.#
#
##########.........#
. ####..######## .#
♣♣. #.S@......... .#
♣##.#♣♣#.##..#######
.#.#...'........
..#.#..'.##..####
♣#.##♣♣#..#..# ♣♣..
##.#..# ♣♣ .#..#
######## ###.#..#
#....#<# #.#..


You could see an adder.

Vanquished Creatures
  Ijyb (D:2)
  Robin (D:2)
  2 adders (D:2)
  A giant cockroach (D:1)
  8 goblins
  4 hobgoblins
  4 jackals (D:2)
  7 kobolds
  5 bats (D:1)
  A giant newt (D:2)
  3 rats
37 creatures vanquished.

Notes
Turn   | Place    | Note
--------------------------------------------------------------
     0 | D:1      | filipzpl the Gargoyle Berserker began the quest for the Orb.
     0 | D:1      | Reached XP level 1. HP: 14/14 MP: 1/1
   207 | D:1      | Reached XP level 2. HP: 10/19 MP: 2/2
   751 | D:1      | Reached skill level 4 in Fighting
   953 | D:2      | Reached XP level 3. HP: 21/24 MP: 3/3
   994 | D:2      | Noticed Ijyb
  1004 | D:2      | Killed Ijyb
  1074 | D:2      | Reached XP level 4. HP: 30/30 MP: 4/4
  1418 | D:2      | Noticed Robin
  1429 | D:2      | Killed Robin
  1435 | D:2      | Reached ** piety under Trog
  1589 | D:2      | Slain by an adder

Vault maps used:
D:1:      dpeg_arrival_fog, lexackson_kobold_supper
D:2:      wad_floor_pattern_untrapped, kennysheep_generic_room_4, uniq_natasha,
          uniq_robin, uniq_iyjb

Action                   |  1- 3 |  4- 6 || total
-------------------------+-------+-------++-------
Melee: Mace              |    73 |    74 ||   147
Invok: Berserk           |     1 |     1 ||     2
  Use: Scroll            |     1 |       ||     1
 Stab: Sleeping          |     1 |       ||     1
  Eat: Chunk             |       |     3 ||     3
